 Dungeon Crawl Stone Soup version 0.30-a0-377-g5cb311bc9f (webtiles) character file.

Game seed: 13412573702304887542

119 qeuew the Conjurer (level 5, -9/31 HPs)
             Began as a Tengu Reaver on Nov 29, 2022.
             Mangled by an ogre
             ... wielding a +0 giant club
              (26 damage)
             ... on level 4 of the Dungeon.
             The game lasted 00:02:58 (2376 turns).

qeuew the Conjurer (Tengu Reaver)                   Turns: 2376, Time: 00:03:03

Health: -9/31      AC:  4    Str: 14    XL:     5   Next: 3%
Magic:  9/9        EV: 14    Int: 13    God:
Gold:   123        SH:  0    Dex: 13    Spells: 8/9 levels left

rFire   + . .      SeeInvis .    a - +1 hand axe
rCold   . . .      Faith    .    (no shield)
rNeg    . . .      Spirit   .    b - +1 leather armour
rPois   .          Reflect  .    (helmet restricted)
rElec   .          Harm     .    (no cloak)
rCorr   .          Rampage  .    (no gloves)
Will    .....                    (boots unavailable)
Stlth   +.........               c - amulet of regeneration
HPRegen 1.05/turn                f - ring of protection from fire
MPRegen 0.11/turn                (no ring)

@: flying quickly and evasively, quick
A: beak, talons 3, nimble flight
a: no special abilities


You were on level 4 of the Dungeon.
You visited 1 branch of the dungeon, and saw 4 of its levels.

You collected 123 gold pieces.

Inventory:

Hand Weapons
 a - a +1 hand axe (weapon)
Armour
 b - a +1 leather armour (worn)
Jewellery
 c - an amulet of regeneration (around neck)
 f - a ring of protection from fire (left hand)
Scrolls
 i - a scroll of teleportation
Potions
 d - a potion of flight


   Skills:
 + Level 2.6 Fighting
 + Level 3.9 Axes
 + Level 1.7 Armour
 + Level 2.9 Dodging
 + Level 2.5 Spellcasting
 + Level 4.7 Conjurations


You had 8 spell levels left.
You knew the following spells:

 Your Spells              Type           Power      Damage    Failure   Level
a - Kiss of Death         Conj/Necr      28%        2d7       11%         1

Your spell library contained the following spells:

 Spells                   Type           Power      Damage    Failure   Level
 Momentum Strike          Conj/Tloc      14%        3d8       17%         2
 Slow                     Hex            4%         N/A       30%         1
 Summon Small Mammal      Summ           4%         N/A       30%         1
 Hailstorm                Conj/Ice       7%         3d4       32%         3
 Call Canine Familiar     Summ           1%         N/A       65%         3
 Confusing Touch          Hex            1%         N/A       65%         3
 Portal Projectile        Hex/Tloc       2%         N/A       65%         3
 Summon Guardian Golem    Hex/Summ       1%         N/A       65%         3
 Vampiric Draining        Necr           1%         2d6       65%         3
 Leda's Liquefaction      Hex/Erth       0%         N/A       96%         4


Dungeon Overview and Level Annotations

Branches:
Dungeon (4/15)
 Temple: D:4-7

Altars:
Xom

Shops:
D:1 [?!(


Innate Abilities, Weirdness & Mutations

You have a beak for a mouth.
You have claws for feet.
Your magical nature lets you fly swiftly and evasively.


Message History

You kill the ball python!
No target in view!
You see here a ball python corpse.
An ogre comes into view. It is wielding a +0 giant club.
Found a book of Storms.
The ogre shouts!
You hear a shout!
A hobgoblin comes into view.
You hit the ogre. You peck the ogre.
The ogre is lightly wounded.
The ogre misses you.
You closely miss the ogre. You claw the ogre.
The ogre is moderately wounded.
You hit the ogre. Your peck misses the ogre.
The ogre is moderately wounded.
The ogre barely misses you.
You hit the ogre. Your kick misses the ogre.
The ogre is moderately wounded.
The ogre closely misses you.
You hit the ogre. Your kick misses the ogre.
The ogre is heavily wounded.
The ogre completely misses you.
You hit the ogre.
The ogre is severely wounded.
You barely miss the hobgoblin.
The hobgoblin hits you but does no damage.
You hit the ogre but do no damage.
The ogre is severely wounded.
You barely miss the hobgoblin. The hobgoblin closely misses you.
The ogre misses you.
You hit the ogre. Your kick misses the ogre.
The ogre is severely wounded.
You hit the hobgoblin. The hobgoblin completely misses you.
The ogre hits you with a +0 giant club!
You barely miss the ogre. You peck the ogre.
The ogre is severely wounded.
You hit the hobgoblin.
You kill the hobgoblin!
The ogre hits you with a +0 giant club!!
Ouch! That really hurt!
You die...

#.:.......#
##!........# #
..........# #.
.......<.#
##<##........## .
..............# ...
#..........#
.....#..........#
......O@..†.[...#+#.
.....#..............
.... #..........###
.....###........##
#.#............###
.... ............#
...##...###.##..#
#.##...###.###.#
#....#.........#


You could see an ogre.

Vanquished Creatures
  An orc priest (D:3)
  An iguana (D:4)
  An adder (D:2)
  3 worms (D:2)
  A dart slug (D:3)
  6 orcs (D:3)
  6 ball pythons
  2 endoplasms
  4 goblins
  4 hobgoblins
  4 bats
  5 frilled lizards
  A kobold (D:3)
  6 rats
45 creatures vanquished.

Notes
Turn   | Place    | Note
-------+----------+-------------------------------------------
     0 | D:1      | qeuew the Tengu Reaver began the quest for the Orb.
     0 | D:1      | Reached XP level 1. HP: 12/12 MP: 4/4
    40 | D:1      | Found Waga's Magic Scroll Boutique.
    43 | D:1      | Found Nyentoq's Distillery.
   141 | D:1      | Found Tizak's Antique Weapon Emporium.
   222 | D:1      | Found Foblonic's Antique Armour Shoppe.
   428 | D:1      | Reached XP level 2. HP: 16/17 MP: 6/6
   754 | D:2      | Reached skill level 1 in Armour
   824 | D:2      | Reached XP level 3. HP: 21/21 MP: 7/7
  1479 | D:3      | Found a shimmering altar of Xom.
  1711 | D:3      | Reached XP level 4. HP: 18/27 MP: 8/8
  2325 | D:4      | Gained mutation: Your magical nature lets you fly swiftly
                  | and evasively. [Tengu growth]
  2325 | D:4      | Reached XP level 5. HP: 11/31 MP: 9/9
  2364 | D:4      | Noticed an ogre
  2376 | D:4      | Mangled by an ogre

Illustrated notes

Levels and vault maps discovered:
D:1:      minmay_arrival_cross, layout_basic, serial_aquarium,
          aquarium_bridge_straight [aquarium_subvault_bridge,
          aquarium_subvault_balcony, aquarium_subvault_bridge,
          aquarium_subvault_wall], aquarium_window_2,
          aquarium_window_corridor_3, aquarium_window_1, aquarium_window_1,
          aquarium_view_2d, aquarium_pool_side, serial_shops, shop,
          nicolae_shop_window_shopping, shop_scrolls, nicolae_square_shop,
          minmay_box_of_dots
D:2:      layout_loops_cross
D:3:      layout_loops_corners, brannock_xom_greatest_gift, hex_medium,
          amcnicky_mini_corridor_feature
D:4:      layout_rooms, mainiacjoe_overflow_surrounded_room, skrybe_limestone_x,
          nicolae_shop_i_like_big_books, uniq_blork_the_orc

Skill      XL: |  1  2 |
---------------+-------+-----
Armour         | 1 |  1.7
Fighting       | |  2.6
Axes           | |  3.9
Dodging        | |  2.9
Spellcasting   | |  2.5
Conjurations   | |  4.7

Action                   |  1- 3 |  4- 6 || total
-------------------------+-------+-------++-------
Melee: Hand axe          |    93 |    34 ||   127
       Kick              |    22 |     6 ||    28
       Peck              |    14 |     7 ||    21
  Use: Scroll            |     8 |     2 ||    10
       Potion            |     2 |     2 ||     4
 Stab: Sleeping          |     1 |       ||     1
Armor: Leather armour    |    16 |     4 ||    20
Dodge: Dodged            |    49 |    26 ||    75

Table legend: (Time is in decaauts)
 A = Elapsed time spent in this place.
 B = Non-inter-level travel time spent in this place.
 C = Inter-level travel time spent in this place.
 D = Time resting spent in this place.
 E = Time spent auto-exploring this place.
 F = Levels seen in this place.
 G = Mean time per level.
                   A        B        C        D        E       F      G
               +--------+--------+--------+--------+--------+-----+--------+
         Total |   2387 |   2339 |     48 |     34 |   1976 |   4 |  596.8 |
       Dungeon |   2387 |   2339 |     48 |     34 |   1976 |   4 |  596.8 |
               +--------+--------+--------+--------+--------+-----+--------+

Top non-repeatable levels by time:
     D:3: 914 daAuts
     D:1: 707 daAuts
     D:2: 705 daAuts
     D:4: 60 daAuts
